 Dungeon Crawl Stone Soup version 0.32-a0-40-g2adb59ae06 (webtiles) character file.

Game seed: 17117651336651396989

518533 cforsyth the Sorcerer (level 27, -1/196 (205) HPs)
             Began as a Djinni Enchanter on Jan 23, 2024.
             Was the Champion of Fedhas.
             Slain by a tentacled monstrosity (4 damage)
             ... on level 4 of the Vaults on Jan 24, 2024.
             The game lasted 05:46:30 (62351 turns).

cforsyth the Sorcerer (Djinni Enchanter)           Turns: 62351, Time: 05:46:30

HP:   -1/196 (205)  AC: 25    Str:  7    XL:     27
Gold: 5100          EV: 10    Int: 38    God:    Fedhas [******] SH: 20 Dex: 17

rFire   + + +        H - +9 lance "Wyrmbane" {slay drac, rPois rF+ rC+ AC+3}
rCold   + + .        k - +1 kite shield {AC+3}
rNeg    . . .        D - +2 scale mail of Nazxatat {Regen+ Int+4 Dex+3 SInv}
rPois   ∞            w - +2 helmet
rElec   +            W - +0 cloak
rCorr   .            l - +2 pair of gloves of the Gloaming {rElec Int+3}
SInv    +            (boots unavailable)
Will    +++++        n - amulet of reflection
Stlth   +            Z - ring "Qacruv" {*Corrode rC++ Will+++ MP+9 SInv}
HPRegen 1.32/turn    y - +4 ring of protection
MPRegen 0.00/turn

%: corrode self (3%), reflection, infuse magic (-2 HP)
@: corroded, flying, constricted, studying Shields, lightly drained
A: sickness immunity, fire resistance 2, cold vulnerability 1, float, innate
caster, HP casting, extra vitality 1, sense surroundings 2
}: 2/15 runes: serpentine, barnacled
a: Renounce Religion, Wall of Briars, Grow Ballistomycete, Overgrow, Grow Oklob


You were on level 4 of the Vaults.
You worshipped Fedhas.
Fedhas was exalted by your worship.
You visited 9 branches of the dungeon, and saw 42 of its levels.
You visited the Abyss 1 time.
You also visited: Trove, Sewer, Gauntlet, Ice Cave and Volcano.

You collected 6921 gold pieces.
You spent 1821 gold pieces at shops.

Inventory:

Hand Weapons
 H - the +9 lance "Wyrmbane" (weapon) {slay drac, rPois rF+ rC+ AC+3}
   (You found it on level 8 of the Dungeon)

   AC+3:      It affects your AC (+3).
   rF+:       It protects you from fire.
   rC+:       It protects you from cold.
   rPois:     It protects you from poison
Armour
 b - the orb of Muoc Mui {*channel, Will+++ Str-4 Int-2 SInv}
   (You found it in a treasure trove)

   Str-4:     It affects your strength (-4).
   Int-2:     It affects your intelligence (-2).
   Will+++:   It greatly increases your willpower.
   SInv:      It lets you see invisible.
 k - a +1 kite shield of protection (worn)
 l - the +2 pair of gloves of the Gloaming (worn) {rElec Int+3}
   (You bought it in a shop on level 1 of the Shoals)

   Int+3:     It affects your intelligence (+3).
   rElec:     It insulates you from electricity.
 w - a +2 helmet (worn)
 D - the +2 scale mail of Nazxatat (worn) {Regen+ Int+4 Dex+3 SInv}
   (You bought it in a shop on level 3 of the Dungeon)

   Int+4:     It affects your intelligence (+4).
   Dex+3:     It affects your dexterity (+3).
   SInv:      It lets you see invisible.
   Regen+:    It increases your rate of health regeneration.
 W - a +0 cloak (worn)
Jewellery
 a - the ring "Quwuog Puomn" {Int+5 Dex+6}
   (You found it in a treasure trove)

   [ring of dexterity]

   Int+5:     It affects your intelligence (+5).
   Dex+6:     It affects your dexterity (+6).
 n - an amulet of reflection (around neck)
 p - the ring "Patyth" {Ice Will- Int+4 SInv}
   (You took it off Josephina on level 1 of the Crypt)

   [ring of ice]

   Ice:       It enhances your ice magic.
   Int+4:     It affects your intelligence (+4).
   rF-:       It makes you vulnerable to fire.
   rC+:       It protects you from cold.
   Will-:     It decreases your willpower.
   SInv:      It lets you see invisible.
 x - a ring of see invisible
 y - a +4 ring of protection (right hand)
 B - a +6 ring of strength
 F - the amulet of the Evil One {Spirit rN+ Will+++ Str+2 Dex-4}
   (You took it off a deep elf pyromancer on level 3 of the Elven Halls)

   [amulet of guardian spirit]

   Spirit:    It causes incoming damage to be divided between your reserves of
   health and magic.
   Str+2:     It affects your strength (+2).
   Dex-4:     It affects your dexterity (-4).
   rN+:       It protects you from negative energy.
   Will+++:   It greatly increases your willpower.
 J - the ring "Izoxt" {Fly rElec rF+ Dex-5}
   (You found it on level 4 of the Shoals)

   [ring of flight]

   Dex-5:     It affects your dexterity (-5).
   rF+:       It protects you from fire.
   rElec:     It insulates you from electricity.
   Fly:       It grants you flight.
 K - a ring of protection from cold
 L - a ring of willpower
 Q - a +6 ring of intelligence
 V - a ring of positive energy
 Z - the ring "Qacruv" (left hand) {*Corrode rC++ Will+++ MP+9 SInv}
   (You found it on level 5 of the Lair of Beasts)

   [ring of magical power]

   rC++:      It greatly protects you from cold.
   Will+++:   It greatly increases your willpower.
   MP+9:      It affects your magic capacity (+9).
   SInv:      It lets you see invisible.
   *Corrode:  It may corrode you when you take damage.
Wands
 r - a wand of light (21)
 t - a wand of charming (4)
 C - a wand of mindburst (13)
 E - a wand of flame (121)
 R - a wand of roots (39)
 T - a wand of digging (27)
Scrolls
 g - 3 scrolls of summoning
 j - 4 scrolls of noise
 m - 3 scrolls of enchant armour
 o - a scroll of vulnerability
 q - 6 scrolls of immolation
 s - 6 scrolls of revelation
 A - 6 scrolls of poison
 G - a scroll of fear
 N - 3 scrolls of torment
 O - 4 scrolls of teleportation
 Y - a scroll of fog
Potions
 c - 7 potions of invisibility
 e - 12 potions of attraction
 f - 2 potions of curing
 h - 7 potions of mutation
 i - 9 potions of enlightenment
 u - 4 potions of resistance
 v - 5 potions of haste
 z - 4 potions of lignification
 I - a potion of cancellation
 M - 8 potions of might
 P - 5 potions of berserk rage
 S - 5 potions of ambrosia
 X - 10 potions of brilliance


   Skills:
 - Level 20.0 Fighting
 - Level 0.8 Short Blades
 - Level 10.0 Armour
 - Level 19.8 Dodging
 - Level 2.4 Stealth
 - Level 15.5 Shields
 + Level 24.3 Spellcasting
 + Level 24.3 Conjurations
 + Level 24.3 Hexes
 + Level 24.3 Summonings
 + Level 24.3 Necromancy
 + Level 24.3 Translocations
 + Level 24.3 Fire Magic
 + Level 24.3 Ice Magic
 + Level 24.3 Air Magic
 + Level 24.3 Earth Magic
 + Level 24.3 Alchemy


You knew the following spells:

 Your Spells              Type           Power      Damage    Failure   Level
a - Ensorcelled Hibernat  Hex/Ice        100%       N/A       0%          2
b - Confusing Touch       Hex            100%       N/A       0%          3
c - Tukima's Dance        Hex            100%       N/A       0%          3
d - Dazzling Flash        Conj/Hex       100%       N/A       0%          3
e - Kiss of Death         Conj/Necr      100%       2d13      0%          1
f - Static Discharge      Conj/Air       100%       3-8/arc   0%          2
g - Gell's Gravitas       Tloc           100%       N/A       0%          3
h - Hailstorm             Conj/Ice       100%       3d16      0%          3
i - Fireball              Conj/Fire      62%        3d24      0%          5
j - Borgnjor's Vile Clut  Necr/Erth      62%        N/A       0%          5
k - Eringya's Noxious Bo  Alch           62%        4d6       1%          6
l - Dispersal             Tloc           62%        N/A       1%          6
m - Orb of Destruction    Conj           62%        9d15      1%          7
n - Malign Gateway        Summ/Tloc      62%        N/A       1%          7
o - Summon Hydra          Summ           62%        N/A       1%          7
p - Discord               Hex            62%        N/A       2%          8
q - Fire Storm            Conj/Fire      62%        8d16      38%         9
Your spell library was empty.

Dungeon Overview and Level Annotations

Branches:
Dungeon (15/15)            Temple (1/1) D:4            Lair (5/5) D:8
 Shoals (4/4) Lair:3        Snake (4/4) Lair:2        Slime (0/5) Lair:5
    Orc (2/2) D:11            Elf (3/3) Orc:2        Vaults (5/5) D:14
  Crypt (3/3) Vaults:2       Tomb (0/3) Crypt:3      Depths (0/4) D:15
  Sewer (visited)           IceCv (visited)         Volcano (visited)
Gauntlet (visited)

Altars:
Ashenzari
Cheibriados
Dithmenos
Elyvilon
Fedhas
Gozag
Hepliaklqana
Makhleb
Nemelex Xobeh
Okawaru
Qazlal
Ru
Trog
Uskayaw
Wu Jian
Xom
Yredelemnul
Zin
The Shining One
Jiyva
Lugonu

Shops:
D:3 :?[   D:6 :   D:8 *   Orc:2 **=!   Elf:3 (=(   Shoals:1 (=:*[
Snake:2 ((**

Portals:
Abyss: Crypt:1

Annotations:
Vaults:5 Sojobo


Innate Abilities, Weirdness & Mutations

You are immune to sickness and miasma.
You are immune to poison.
Your flesh is very heat resistant. (rF++)
You are vulnerable to cold. (rC-)
You float through the air rather than walking.
You learn spells naturally, not from books.
Your magical power is your life essence.
You have superior vitality. (+4 MHP)
You passively map the area around you.


Message History

The deep elf sorcerer mumbles some strange words.
The deep elf sorcerer shimmers violently.
Casting: Dispersal (safe; 1% risk of failure)
Confirm with . or Enter, or press ? or * to list all spells.
Casting: Dispersal (safe; 1% risk of failure)
Press: ? - help, Dir - look around, f - activate The tentacled monstrosity blinks free!
The tentacled monstrosity loses its grip on you.
The tentacled monstrosity blinks!
The deep elf sorcerer disappears!
The tentacled monstrosity blinks!
* * * LOW HITPOINT WARNING * * *
Casting: Dispersal (safe; 1% risk of failure)
Confirm with . or Enter, or press ? or * to list all spells.
Aiming: Fireball (safe; 0% risk of failure)
Press: ? - help, Shift-Dir - straight line The fireball explodes!
The fireball engulfs the tentacled monstrosity!
The tentacled monstrosity resists.
The tentacled monstrosity is almost dead.
* * * LOW HITPOINT WARNING * * *
You block the tentacled monstrosity's attack.
The tentacled monstrosity tentacle-slaps you but does no damage.
The tentacled monstrosity barely misses you.
The tentacled monstrosity grabs you.
The tentacled monstrosity constricts you.
* * * LOW HITPOINT WARNING * * *
Your corrosive artefact corrodes you!
Casting: Fireball (safe; 0% risk of failure)
Confirm with . or Enter, or press ? or * to list all spells.
Aiming: Fireball (safe; 0% risk of failure)
Press: ? - help, Shift-Dir - straight line The fireball explodes!
The fireball engulfs the tentacled monstrosity!
The tentacled monstrosity resists.
The tentacled monstrosity is almost dead.
* * * LOW HITPOINT WARNING * * *
You block the tentacled monstrosity's attack.
The tentacled monstrosity tentacle-slaps you.
You die...
Fedhas appreciates your contribution to the ecosystem.

..#####[###[.....................
..##...[.##............#####'####
..###...###............#.........
..##8...8##............#.........
..###'#'###..########[.#.........
..##8...8##..#...[..#..#.........
..###...###..#...§..#..#.........
..##.....##..#.[[>[.#..#.........
..#########..#..@X..#..#.........
#............#..[...#..#########'
###..........#..§...#...#...###..
####.........#......#...#...'.#..
.###.........##'#####...#..'###'.
..##....................####...##
..##...............[....##.#...'.
..##....................##'#...##
[.##....................#..'###'.


You could see a tentacled monstrosity.

Vanquished Creatures
  An ancient lich (Crypt:2)
  Mennas (Crypt:1)
  Josephina (Crypt:1)
  A tentacled monstrosity (Abyss:3)
  A lich (Crypt:3)
  A titan (Vaults:5)
  2 deep elf blademasters (Elf:3)
  2 deep elf master archers (Elf:3)
  Polyphemus (Shoals:3)
  A sphinx (Vaults:3)
  Frances (Shoals:2)
  A tentacled starspawn (Abyss:3)
  3 krakens
  2 tengu reavers
  5 ancient champions
  Aizul (Shoals:3)
  3 revenants
  A shadow dragon (Vaults:5)
  Donald (Shoals:4)
  Roxanne (Snake:2)
  7 deep elf sorcerers
  A fire giant (Vaults:5)
  6 nagarajas
  3 frost giants
  The ghost of javelincjr the Reanimator, a journeyman DjHW of Qazlal (Shoals:2)
  2 deep elf elementalists (Elf:3)
  17 vault wardens
  A cacodemon (Crypt:1)
  A ghost moth (Vaults:4)
  2 ghouls (Crypt:1)
  A reaper (Gauntlet)
  15 ironbound preservers
  2 orc warlords
  3 deep elf demonologists (Elf:3)
  A vampire knight (Crypt:1)
  Azrael (Snake:2)
  3 ironbound thunderhulks
  4 deep elf death magi
  6 deep elf annihilators (Elf:3)
  A dire elephant (Vaults:3)
  A minotaur (Gauntlet)
  Snorg (D:11)
  10 merfolk impalers
  2 eidola (Crypt:3)
  3 ettins
  2 entropy weavers
  5 merfolk javelineers (Shoals:4)
  9 yaktaur captains
  6 deep elf high priests
  3 jiangshi
  Fannar (D:11)
  2 ice dragons (Lair:5)
  5 great orbs of eyes
  2 rakshasas
  12 vault guards
  3 merfolk avatars
  9 hydras
  Erolcha (D:13)
  2 salamander tyrants (Snake:4)
  3 alligator snapping turtles
  A merfolk aquamancer (Shoals:4)
  A caustic shrike simulacrum (Crypt:1)
  15 anacondas
  10 centaur warriors
  9 ironbound frosthearts
  A catoblepas (Shoals:3)
  14 death yaks
  3 two-headed ogres
  A tengu warrior (D:15)
  8 boulder beetles
  2 satyrs
  13 naga warriors
  7 shock serpents
  3 orc high priests (Orc:2)
  7 naga sharpshooters
  An occultist (D:15)
  15 deep elf knights
  Sonja (D:11)
  2 vampire magi
  A sun demon (Volcano)
  A titan skeleton (Crypt:1)
  A wretched star (Abyss:3)
  A hell knight (Volcano)
  7 skysharks
  13 shadow wraiths (Crypt:3)
  10 skeletal warriors
  A cyclops (shapeshifter) (Crypt:1)
  9 salamander mystics
  A skyshark (shapeshifter) (Vaults:4)
  18 sea snakes
  A glowing orange brain (Crypt:1)
  2 flayed ghosts (Crypt:3)
  17 mana vipers
  A bunyip zombie (Crypt:1)
  A mana viper (shapeshifter) (Vaults:5)
  A swamp dragon (Lair:5)
  40 deep trolls
  5 arcanists
  6 naga ritualists
  13 ironbound convokers
  9 harpies
  11 lindwurms
  10 phantasmal warriors
  A bog body (IceCv)
  9 orc sorcerers
  2 elf zombies (Vaults:4)
  11 deep elf archers
  25 ugly things
  4 fauns
  5 necromancers
  A wolf spider (D:14)
  22 deep elf pyromancers
  A shadow dragon skeleton (Crypt:1)
  10 cyclopes
  17 deep elf zephyrmancers
  11 orc knights
  2 large abominations (Abyss:3)
  19 manticores
  21 salamanders
  A moth of wrath (Shoals:2)
  9 kobold blastminers
  6 elephants
  42 black mambas
  An alligator skeleton (Crypt:2)
  5 merfolk sirens
  A centaur zombie (D:15)
  22 vault sentinels
  13 guardian serpents
  2 ice statues (IceCv)
  5 torpor snails (Lair:5)
  11 naga magi
  5 water nymphs
  A dire elephant zombie (Crypt:1)
  A gargoyle (D:12)
  13 cane toads
  A shock serpent skeleton (Crypt:1)
  10 komodo dragons
  33 yaktaurs
  2 kobold demonologists (D:15)
  An unseen horror (D:11)
  A rime drake (shapeshifter) (Vaults:5)
  4 rime drakes (Lair:5)
  8 ice devils (IceCv)
  3 freezing wraiths (Crypt:3)
  An efreet (D:14)
  A tengu conjurer (D:15)
  2 anaconda simulacra (IceCv)
  5 trolls
  2 hellwings (Gauntlet)
  A queen bee (D:9)
  24 merfolk
  2 red devils (Volcano)
  A polar bear (shapeshifter) (D:13)
  Grinder (D:3)
  18 blink frogs
  A polar bear (Lair:1)
  4 tyrant leeches (Lair:5)
  A harpy skeleton (Crypt:1)
  A tarantella (shapeshifter) (Elf:1)
  12 hornets
  16 snapping turtles
  17 dream sheep
  5 wind drakes
  A culicivora zombie (Crypt:1)
  2 stone giant simulacra (Crypt:1)
  3 jumping spiders (Lair:3)
  22 slime creatures
  4 shadows
  A centaur simulacrum (D:15)
  A spriggan (shapeshifter) (D:13)
  5 air elementals
  3 dire elephant simulacra (IceCv)
  A small abomination (Abyss:3)
  4 water elementals
  A yak (shapeshifter) (D:14)
  46 yaks
  10 wraiths
  3 fire bats (Lair:4)
  2 wyverns (D:8)
  4 fire elementals (Snake:2)
  A wind drake skeleton (Crypt:2)
  A redback (shapeshifter) (Vaults:4)
  3 steam dragons
  5 vampire mosquitoes
  5 basilisks
  4 wargs
  6 redbacks
  2 chaos spawn
  A swamp worm (shapeshifter) (Vaults:4)
  4 acid dragons
  2 harpy simulacra
  40 nagas
  4 hydra simulacra (IceCv)
  A nameless horror (Elf:3)
  2 hell hounds
  A naga skeleton (Abyss:3)
  13 water moccasins
  A black bear (D:8)
  An ettin simulacrum (Vaults:4)
  4 sky beasts
  2 swamp drakes (Lair:5)
  2 ice beasts
  14 orc warriors
  A swamp dragon zombie (Crypt:2)
  6 ogres
  3 laughing skulls
  17 wolves
  5 boggarts (Vaults:4)
  5 centaurs
  7 kobold brigands
  8 weeping skulls (Crypt:3)
  15 bullfrogs
  3 two-headed ogre simulacra
  A cane toad simulacrum (Orc:2)
  A gnoll sergeant (D:11)
  6 wights
  3 scorpions
  A hornet simulacrum (D:15)
  An elephant simulacrum (Orc:2)
  19 killer bees
  9 electric eels
  5 howler monkeys
  2 bombardier beetles
  2 lava snakes (Lair:3)
  6 jellies
  4 hounds
  2 gnoll boudas
  16 orc priests
  A boggart zombie (D:15)
  5 iguanas
  31 orc wizards
  5 hell rats (Lair:4)
  2 boggart skeletons
  3 spriggan simulacra
  A polar bear simulacrum (Orc:2)
  An ice beast zombie (Crypt:1)
  An ogre skeleton (Crypt:1)
  A swamp drake zombie (Crypt:1)
  A naga simulacrum (Orc:2)
  A steam dragon zombie (Crypt:1)
  6 adders
  9 gnolls
  3 river rats (Sewer)
  A shadow imp (Gauntlet)
  3 white imps
  An ufetubus (IceCv)
  2 ribbon worms
  A dart slug (D:1)
  71 orcs
  8 ball pythons
  6 endoplasms
  5 giant cockroaches (D:5)
  3 goblins
  6 hobgoblins
  8 jackals
  7 quokkas
  3 bats
  3 frilled lizards (D:1)
  29 kobolds
  13 rats
  2 tentacles
1585 creatures vanquished.

Vanquished Creatures (collateral kills)
  A dread lich (Vaults:4)
  The ghost of Dome the Black Belt, a veteran DsSu of Jiyva (Crypt:1)
  Norris (Elf:2)
  2 shard shrike zombies (Crypt:2)
  3 tentacled monstrosities (Vaults:5)
  2 hellephants
  2 liches
  A quicksilver dragon (Vaults:4)
  A deep elf blademaster (Elf:3)
  A sphinx (Vaults:5)
  An eldritch tentacle (Crypt:3)
  A tentacled starspawn (Abyss:3)
  An Executioner (Crypt:1)
  A storm dragon (Vaults:5)
  A revenant (Crypt:3)
  3 tengu reavers
  A shadow dragon (Vaults:5)
  A curse skull (Crypt:3)
  2 deep elf sorcerers (Vaults:5)
  2 vault wardens (Vaults:5)
  A cacodemon (Crypt:1)
  4 ironbound preservers
  A stone giant (Vaults:5)
  A quicksilver ooze (Vaults:2)
  2 ghouls (Crypt:1)
  A caustic shrike skeleton (Crypt:3)
  A very ugly thing (Crypt:1)
  A vampire knight (Crypt:1)
  A deep elf demonologist (Elf:3)
  2 deep elf annihilators
  3 deep elf death magi
  2 dire elephants (Vaults:3)
  An ettin (Vaults:4)
  3 eidola
  2 crystal guardians (Vaults:4)
  2 jiangshi
  A merfolk impaler (Shoals:4)
  An entropy weaver (Vaults:3)
  3 yaktaur captains
  A mummy priest (Crypt:3)
  A peacekeeper (Vaults:4)
  An ice dragon (Vaults:5)
  25 vault guards
  The ghost of Emamov the Unforgettable, a journeyman OpFE of Hepliaklqana (Lair:2)
  2 death knights
  A boulder beetle (Vaults:1)
  28 dancing weapons
  3 thrashing horrors (Abyss:3)
  4 deep elf knights
  A sun demon (Abyss:3)
  The ghost of DeathSocks the Basher, a novice GrFi (D:9)
  A wretched star (Crypt:1)
  A skyshark (Elf:2)
  A soul eater (Crypt:3)
  6 shadow wraiths (Crypt:3)
  5 skeletal warriors
  2 deep trolls (Vaults:3)
  2 large abominations (Abyss:3)
  An anaconda skeleton (Crypt:2)
  A deep elf archer (Elf:3)
  A flayed ghost (Crypt:3)
  2 ironbound convokers
  8 deep elf pyromancers
  13 phantasmal warriors
  An ugly thing (D:13)
  A cyclops (D:13)
  8 deep elf zephyrmancers
  A manticore (Shoals:2)
  13 slime creatures
  3 vault sentinels
  An eye of devastation (shapeshifter) (Elf:3)
  An alligator snapping turtle zombie (Crypt:3)
  Maggie (D:8)
  3 nameless horrors (Elf:2)
  A freezing wraith (Crypt:3)
  A minotaur skeleton (Crypt:3)
  7 yaktaurs
  6 guardian mummies (Crypt:3)
  An ancient zyme (Abyss:3)
  A culicivora zombie (Crypt:1)
  A tarantella zombie (Crypt:3)
  A snapping turtle (Shoals:4)
  An ettin zombie (Crypt:2)
  3 shadows (Crypt:3)
  A vampire (D:13)
  3 wraiths (Crypt:3)
  4 fire elementals
  2 chaos spawn (Abyss:3)
  2 small abominations (Abyss:3)
  A cane toad skeleton (Crypt:2)
  A sky beast (shapeshifter) (Elf:2)
  18 laughing skulls
  A weeping skull (Crypt:3)
  A yaktaur zombie (Crypt:3)
  A fire crab zombie (Crypt:3)
  4 earth elementals
  4 wights
  A yak zombie (Crypt:3)
  A crocodile skeleton (Crypt:3)
  4 gnolls (D:4)
  A steam dragon skeleton (Crypt:1)
  A ball python zombie (Crypt:3)
  A hobgoblin skeleton (Crypt:1)
  A lurking horror (Abyss:3)
  4 starspawn tentacles (Abyss:3)
288 creatures vanquished.

Vanquished Creatures (others)
  41 eldritch tentacles
  A vault guard (Vaults:5)
  A wretched star (Crypt:1)
  A sea snake (Shoals:2)
  A moth of wrath (Shoals:2)
  A worldbinder (Abyss:3)
  A komodo dragon (D:13)
  A yaktaur (Vaults:5)
  A slime creature (Vaults:3)
  4 dancing weapons
  2 acid dragons (Gauntlet)
  2 laughing skulls
  A scorpion (D:5)
  A sleepcap (D:8)
  25 tentacles
84 creatures vanquished.

Grand Total: 1957 creatures vanquished

Notes
Turn   | Place    | Note
-------+----------+-------------------------------------------
     0 | D:1      | cforsyth the Djinni Enchanter began the quest for the Orb.
     0 | D:1      | cforsyth set off with the following spells memorised:
                  | Ensorcelled Hibernation, Confusing Touch, Tukima's Dance,
                  | Dazzling Flash.
     0 | D:1      | Reached XP level 1. HP: 15/15 MP: 0/0
   188 | D:1      | Reached skill level 1 in Fighting
   188 | D:1      | Reached XP level 2. HP: 18/22 MP: 0/0
   373 | D:1      | Reached XP level 3. HP: 26/27 MP: 0/0
   373 | D:1      | Learned a level 1 spell: Kiss of Death
  1862 | D:3      | Found a transporter.
  1888 | D:3      | Found Cayrutuph's Magic Scroll Shoppe.
  1915 | D:3      | Bought a scroll of teleportation for 30 gold pieces
  1915 | D:3      | Bought a scroll of summoning for 95 gold pieces
  1915 | D:3      | Bought a scroll of identify for 20 gold pieces
  1957 | D:3      | Reached XP level 4. HP: 29/29 MP: 0/0
  2014 | D:3      | Found a transporter.
  2019 | D:3      | Found Vyokkab's Armour Emporium.
  2054 | D:3      | Noticed Grinder
  2242 | D:3      | Paralysed by Grinder for 4 turns
  2251 | D:3      | Gained mutation: You passively map a small area around you.
                  | [potion of mutation]
  2251 | D:3      | Gained mutation: You passively map the area around you.
                  | [potion of mutation]
  2256 | D:3      | Paralysed by Grinder for 3 turns
  2261 | D:3      | Killed Grinder
  2262 | D:3      | Reached XP level 5. HP: 9/41 MP: 0/0
  2262 | D:3      | Learned a level 2 spell: Static Discharge
  2262 | D:3      | Reached XP level 6. HP: 10/47 MP: 0/0
  2407 | D:3      | Found Kaimiwke's Book Shop.
  3207 | D:4      | Found a staircase to the Ecumenical Temple.
  3216 | Temple   | Entered the Ecumenical Temple
  3228 | Temple   | Became a worshipper of Fedhas Madash
  3265 | D:4      | Reached XP level 7. HP: 40/53 MP: 0/0
  3265 | D:4      | Learned a level 3 spell: Gell's Gravitas
  3512 | D:4      | Reached skill level 5 in Fighting
  3834 | D:4      | Found a basalt altar of Yredelemnul.
  3837 | D:4      | Found an ornate altar of the Wu Jian Council.
  3843 | D:4      | Found an iron altar of Okawaru.
  3847 | D:4      | Found an opulent altar of Gozag.
  3850 | D:4      | Found a shimmering altar of Xom.
  3855 | D:4      | Found a burning altar of Makhleb.
  3962 | D:5      | Entered Level 5 of the Dungeon
  3966 | D:5      | Identified a scroll of acquirement
  3966 | D:5      | Acquired 524 gold pieces
  3993 | D:5      | Reached skill level 5 in Spellcasting
  3993 | D:5      | Reached skill level 5 in Conjurations
  3993 | D:5      | Reached skill level 5 in Hexes
  3993 | D:5      | Reached skill level 5 in Summonings
  3993 | D:5      | Reached skill level 5 in Necromancy
  3993 | D:5      | Reached skill level 5 in Translocations
  3993 | D:5      | Reached skill level 5 in Fire Magic
  3993 | D:5      | Reached skill level 5 in Ice Magic
  3993 | D:5      | Reached skill level 5 in Air Magic
  3993 | D:5      | Reached skill level 5 in Earth Magic
  3993 | D:5      | Reached skill level 5 in Alchemy
  4106 | D:5      | Found a glowing drain.
  4133 | Sewer    | Entered a sewer
  4152 | Sewer    | Reached * piety under Fedhas
  4153 | Sewer    | Reached XP level 8. HP: 31/52 MP: 0/0
  4469 | Sewer    | Found a glowing silver altar of Zin.
  4664 | D:5      | Found a stormy altar of Qazlal.
  4826 | D:5      | Found a large runed translucent door.
  4827 | D:5      | Found a large runed translucent door.
  4829 | D:5      | Found a large runed translucent door.
  4829 | D:5      | Found a large runed translucent door.
  4829 | D:5      | Identified the +7 long sword "Pulaisil" {freeze, rCorr}
  5404 | D:5      | Noticed a hornet
  5689 | D:5      | Killed a hornet
  5936 | D:6      | Reached XP level 9. HP: 44/68 MP: 0/0
  5936 | D:6      | Learned a level 3 spell: Hailstorm
  6332 | D:6      | Found Rodd's Vocational Training.
  6934 | D:7      | Reached ** piety under Fedhas
  7783 | D:7      | Found a glowing golden altar of the Shining One.
  7829 | D:7      | Reached *** piety under Fedhas
  7833 | D:7      | Reached XP level 10. HP: 26/78 MP: 0/0
  8207 | D:8      | Found Pudwix's Gadget Gallery.
  8379 | D:3      | Bought the +2 scale mail of Nazxatat {Regen+ Int+4 Dex+3
                  | SInv} for 438 gold pieces
  8565 | D:5      | Reached skill level 1 in Armour
  8876 | D:8      | Reached skill level 10 in Fighting
  8931 | D:8      | Noticed Maggie
  8942 | D:8      | Killed Maggie
  9258 | D:8      | Found a staircase to the Lair.
  9316 | D:8      | Reached **** piety under Fedhas
  9742 | D:9      | Reached XP level 11. HP: 65/86 MP: 0/0
  9742 | D:9      | Learned a level 5 spell: Fireball
 10004 | D:9      | Noticed DeathSocks's ghost (novice GrFi)
 10018 | D:9      | Found a transporter.
 10023 | D:9      | Found a transporter.
 10159 | D:10     | Entered Level 10 of the Dungeon
 10171 | D:9      | Reached skill level 5 in Armour
 10802 | D:11     | Noticed a red ugly thing
 10813 | D:11     | Killed a red ugly thing
 10983 | D:11     | Noticed Snorg
 11074 | D:11     | Killed Snorg
 11233 | D:11     | Found a staircase to the Orcish Mines.
 11246 | D:11     | Reached ***** piety under Fedhas
 11275 | D:11     | Noticed Fannar
 11281 | D:11     | Killed Fannar
 11282 | D:11     | Reached skill level 10 in Spellcasting
 11282 | D:11     | Reached skill level 10 in Conjurations
 11282 | D:11     | Reached skill level 10 in Hexes
 11282 | D:11     | Reached skill level 10 in Summonings
 11282 | D:11     | Reached skill level 10 in Necromancy
 11282 | D:11     | Reached skill level 10 in Translocations
 11282 | D:11     | Reached skill level 10 in Fire Magic
 11282 | D:11     | Reached skill level 10 in Ice Magic
 11282 | D:11     | Reached skill level 10 in Air Magic
 11282 | D:11     | Reached skill level 10 in Earth Magic
 11282 | D:11     | Reached skill level 10 in Alchemy
 11383 | D:11     | Reached XP level 12. HP: 86/96 MP: 0/0
 11410 | D:11     | Noticed Sonja
 11412 | D:11     | Killed Sonja
 11760 | D:12     | Identified the +1 leather armour of Happiness {Dex+4}
 11760 | D:12     | Noticed a skeletal warrior
 11764 | D:12     | Noticed a skeletal warrior
 11764 | D:12     | Noticed a skeletal warrior
 11764 | D:12     | Noticed a skeletal warrior
 11766 | D:12     | Killed a skeletal warrior
 11775 | D:12     | Noticed a skeletal warrior
 11783 | D:12     | Noticed a two-headed ogre
 11892 | D:12     | Noticed a two-headed ogre
 11898 | D:12     | Killed a two-headed ogre
 12329 | D:12     | Killed a skeletal warrior
 12329 | D:12     | Killed a skeletal warrior
 12369 | D:12     | Killed a skeletal warrior
 12369 | D:12     | Killed a skeletal warrior
 12546 | D:12     | Killed a two-headed ogre
 12905 | D:13     | Noticed a boulder beetle
 12946 | D:13     | Killed a boulder beetle
 13043 | D:13     | Noticed Erolcha
 13058 | D:13     | Reached XP level 13. HP: 60/105 MP: 0/0
 13058 | D:13     | Learned a level 5 spell: Borgnjor's Vile Clutch
 13128 | D:13     | Killed Erolcha
 13259 | D:13     | Found a gate leading to a gauntlet.
 13265 | Gauntlet | Entered a Gauntlet
 13265 | Gauntlet | Found a transporter.
 13265 | Gauntlet | Found a runed translucent door.
 13275 | Gauntlet | Found a runed translucent door.
 13277 | Gauntlet | Found a transporter.
 13280 | Gauntlet | Found a transporter.
 13281 | Gauntlet | Found a transporter.
 13289 | Gauntlet | Found a transporter.
 13292 | Gauntlet | Found a transporter.
 13293 | Gauntlet | Found a transporter.
 13303 | Gauntlet | Found a transporter.
 13305 | Gauntlet | Found a transporter.
 13306 | Gauntlet | Found a transporter.
 13310 | Gauntlet | Found a runed translucent door.
 13313 | Gauntlet | Noticed a reaper
 13314 | Gauntlet | Found a transporter.
 13316 | Gauntlet | Found a runed translucent door.
 13317 | Gauntlet | Found a transporter.
 13318 | Gauntlet | Found a transporter.
 13324 | Gauntlet | Found a runed translucent gate.
 13326 | Gauntlet | Found a runed translucent gate.
 13326 | Gauntlet | Found a transporter.
 13327 | Gauntlet | Noticed an entropy weaver
 13328 | Gauntlet | Found a runed translucent gate.
 13697 | Gauntlet | Killed a reaper
 13826 | Gauntlet | Killed an entropy weaver
 13876 | Gauntlet | Identified the +9 morningstar of Defence {flame, Fly Dex+8}
 13876 | Gauntlet | Noticed a minotaur
 13883 | Gauntlet | Killed a minotaur
 13892 | Gauntlet | Identified the +1 pair of boots of Ceto {Str+4 Int+3}
 14436 | Lair:1   | Entered Level 1 of the Lair of Beasts
 14439 | Lair:1   | Reached skill level 15 in Fighting
 14885 | Lair:1   | Reached ****** piety under Fedhas
 15152 | D:8      | Reached XP level 14. HP: 102/115 MP: 0/0
 16265 | Lair:2   | Found a runed translucent door.
 16265 | Lair:2   | Noticed Emamov's ghost (journeyman OpFE)
 16479 | Lair:2   | Found a staircase to the Snake Pit.
 17113 | Lair:3   | Found a staircase to the Shoals.
 17406 | Lair:3   | Found a runed translucent door.
 17734 | Lair:3   | Found a runed translucent gate.
 17768 | Lair:3   | Found a runed translucent gate.
 17769 | Lair:3   | Found a runed translucent gate.
 17769 | Lair:3   | Found a runed translucent gate.
 17769 | Lair:3   | Found a runed translucent gate.
 17769 | Lair:3   | Identified the +8 whip "Ulec" {vamp, rElec rF+ Str+3 Int+3}
 17770 | Lair:3   | Found a runed translucent gate.
 18203 | Lair:4   | Found a dark tunnel.
 18212 | Volcano  | Entered a volcano
 18286 | Volcano  | Identified the +4 helmet of Yxzaxun {Harm +Blink rElec
                  | Int-5}
 18588 | Lair:4   | Reached XP level 15. HP: 116/124 MP: 0/0
 18588 | Lair:4   | Learned a level 6 spell: Eringya's Noxious Bog
 19170 | Lair:5   | Entered Level 5 of the Lair of Beasts
 20332 | Lair:5   | Found a viscous altar of Jiyva.
 20709 | Lair:5   | Identified the ring "Qacruv" {*Corrode rC++ Will+++ MP+9
                  | SInv}
 21092 | Lair:5   | Found a staircase to the Slime Pits.
 21289 | Orc:1    | Entered Level 1 of the Orcish Mines
 21622 | Orc:1    | Reached XP level 16. HP: 84/130 MP: 0/0
 22124 | Orc:2    | Entered Level 2 of the Orcish Mines
 22130 | Orc:2    | Paralysed by an orc sorcerer for 2 turns
 22178 | Orc:2    | Reached skill level 15 in Spellcasting
 22178 | Orc:2    | Reached skill level 15 in Conjurations
 22178 | Orc:2    | Reached skill level 15 in Hexes
 22178 | Orc:2    | Reached skill level 15 in Summonings
 22178 | Orc:2    | Reached skill level 15 in Necromancy
 22178 | Orc:2    | Reached skill level 15 in Translocations
 22178 | Orc:2    | Reached skill level 15 in Fire Magic
 22178 | Orc:2    | Reached skill level 15 in Ice Magic
 22178 | Orc:2    | Reached skill level 15 in Air Magic
 22178 | Orc:2    | Reached skill level 15 in Earth Magic
 22178 | Orc:2    | Reached skill level 15 in Alchemy
 22193 | Orc:2    | Found a frozen archway.
 22274 | IceCv    | Entered an ice cave
 23125 | Orc:2    | Found a staircase to the Elven Halls.
 23665 | Orc:2    | Found Egagu's Distillery.
 23670 | Orc:2    | Found Joxugal's Jewellery Shoppe.
 23674 | Orc:2    | Bought a potion of heal wounds for 65 gold pieces
 23681 | Orc:2    | Found Buboun's Assorted Antiques.
 23683 | Orc:2    | Found Vih Meot's Assorted Antiques.
 23689 | Orc:2    | Bought 2 potions of heal wounds for 210 gold pieces
 23692 | Orc:2    | Bought a scroll of identify for 74 gold pieces
 23692 | Orc:2    | Bought a scroll of teleportation for 111 gold pieces
 24255 | D:14     | Identified the +3 leather armour of Qytobi {rC+}
 24623 | D:14     | Found a gate to the Vaults.
 24968 | D:15     | Entered Level 15 of the Dungeon
 25850 | D:15     | Reached XP level 17. HP: 135/139 MP: 0/0
 25850 | D:15     | Learned a level 6 spell: Dispersal
 25856 | D:15     | Found a corrupted altar of Lugonu.
 25987 | D:15     | Found a staircase to the Depths.
 26144 | D:15     | Found a portal to a secret trove of treasure.
 26521 | Snake:1  | Entered Level 1 of the Snake Pit
 26838 | Snake:1  | Found a shadowy altar of Dithmenos.
 27385 | Snake:1  | Found a bloodstained altar of Trog.
 27819 | Snake:2  | Reached skill level 5 in Dodging
 27977 | Snake:2  | Noticed Azrael
 28014 | Snake:2  | Found Vyidghi's General Store.
 28016 | Snake:2  | Found Kealugg's General Store.
 28018 | Snake:2  | Found Janaf's Weapon Shoppe.
 28051 | Snake:2  | Killed Azrael
 28158 | Snake:2  | Bought a scroll of summoning for 133 gold pieces
 28577 | Snake:2  | Noticed Roxanne
 28653 | Snake:2  | Killed Roxanne
 28947 | Snake:2  | Found Xyafoaz's Weapon Shoppe.
 29899 | Snake:3  | Reached XP level 18. HP: 138/149 MP: 0/0
 29899 | Snake:3  | Reached skill level 5 in Shields
 29899 | Snake:3  | Reached XP level 19. HP: 144/156 MP: 0/0
 29899 | Snake:3  | Learned a level 7 spell: Orb of Destruction
 30254 | Snake:4  | Entered Level 4 of the Snake Pit
 30567 | Snake:4  | Reached skill level 10 in Dodging
 32563 | Snake:4  | Got a serpentine rune of Zot
 32808 | Shoals:1 | Entered Level 1 of the Shoals
 32808 | Shoals:1 | Found Piufy's Jewellery Boutique.
 32808 | Shoals:1 | Found Juadinul's Book Boutique.
 32811 | Shoals:1 | Reached XP level 20. HP: 150/162 MP: 0/0
 32868 | Shoals:1 | Found Gaogetotou's Assorted Antiques.
 32890 | Shoals:1 | Bought a warped chain mail for 209 gold pieces
 32890 | Shoals:1 | Identified the +0 chain mail of Lucidity {rC+ Int+2} (You
                  | bought it in a shop on level 1 of the Shoals)
 32895 | Shoals:1 | Found Maruer's Armour Shoppe.
 32905 | Shoals:1 | Bought the +2 pair of gloves of the Gloaming {rElec Int+3}
                  | for 348 gold pieces
 33220 | Shoals:1 | Bought a scroll of fog for 88 gold pieces
 33514 | D:15     | You paid a toll of 7 scrolls of fog to enter a treasure
                  | trove
 33515 | Trove    | Entered a treasure trove
 33522 | Trove    | Identified the orb of Muoc Mui {*channel, Will+++ Str-4
                  | Int-2 SInv}
 33524 | Trove    | Identified the +2 leather armour of Duty {Str+3 SInv}
 33532 | Trove    | Identified the ring "Quwuog Puomn" {Int+5 Dex+6}
 33840 | Shoals:1 | Found Cixt's Weapon Shoppe.
 34512 | Shoals:2 | Noticed Frances
 34521 | Shoals:2 | Killed Frances
 34657 | Shoals:2 | Found a transporter.
 34690 | Shoals:2 | Noticed javelincjr's ghost (journeyman DjHW)
 34750 | Shoals:2 | Found a transporter.
 35365 | Shoals:3 | Noticed Polyphemus
 35372 | Shoals:3 | Killed Polyphemus
 35589 | Shoals:3 | Identified the serpent talisman "Ama Upaas" {Will+ Str+4
                  | Dex-2}
 35589 | Shoals:3 | Noticed Aizul
 35616 | Shoals:3 | Killed Aizul
 36477 | Shoals:4 | Entered Level 4 of the Shoals
 36549 | Shoals:4 | Identified the +0 rapier of Kyofyt {freeze, *Rage rF+ rCorr
                  | Str+2}
 36668 | Shoals:4 | Noticed Donald
 36868 | Shoals:4 | Killed Donald
 36970 | Shoals:4 | Identified the ring "Izoxt" {Fly rElec rF+ Dex-5}
 37530 | Shoals:4 | Reached skill level 10 in Shields
 37769 | Shoals:4 | Reached XP level 21. HP: 98/168 MP: 0/0
 37769 | Shoals:4 | Learned a level 7 spell: Malign Gateway
 38256 | Shoals:4 | Got a barnacled rune of Zot
 38950 | D:9      | Killed DeathSocks's ghost
 39085 | Lair:2   | Killed Emamov's ghost
 39516 | Shoals:2 | Found a transporter.
 39858 | Shoals:2 | Found a transporter.
 39979 | Shoals:2 | Identified the +1 pair of boots of Exiumu {Regen+ Str+3}
 39984 | Shoals:2 | Killed javelincjr's ghost
 40318 | Vaults:1 | Entered Level 1 of the Vaults
 40319 | Vaults:1 | Upgraded the game from 0.32-a0-38-gb04dd89b9b to
                  | 0.32-a0-40-g2adb59ae06
 40947 | Vaults:1 | Reached skill level 15 in Dodging
 43178 | Vaults:2 | Reached XP level 22. HP: 140/175 MP: 0/0
 43464 | Vaults:2 | Found a staircase to the Crypt.
 46549 | Vaults:4 | Reached XP level 23. HP: 135/180 MP: 0/0
 46549 | Vaults:4 | Learned a level 7 spell: Summon Hydra
 46640 | Vaults:4 | Identified the +6 scale mail of the Constellations {Str+2
                  | Dex+3}
 47478 | Elf:1    | Entered Level 1 of the Elven Halls
 47578 | Elf:1    | Paralysed by an air elemental for 1 turns
 48958 | Elf:2    | Noticed Norris
 48971 | Elf:2    | Killed Norris
 49450 | Elf:2    | Found a runed translucent gate.
 49451 | Elf:2    | Found a runed translucent gate.
 49456 | Elf:2    | Found a runed translucent gate.
 50095 | Elf:3    | Entered Level 3 of the Elven Halls
 50488 | Elf:3    | Found Qaresymo's Weapon Emporium.
 50488 | Elf:3    | Found Nokaimibb's Weapon Shoppe.
 50489 | Elf:3    | Found Benoliz's Jewellery Emporium.
 50493 | Elf:3    | Found Voipig's Armour Shoppe.
 50905 | Elf:3    | Reached XP level 24. HP: 171/187 MP: 0/0
 50933 | Elf:3    | Identified the amulet of the Evil One {Spirit rN+ Will+++
                  | Str+2 Dex-4}
 50941 | Elf:3    | Paralysed by an air elemental for 1 turns
 51168 | Elf:3    | Paralysed by an air elemental for 1 turns
 51242 | Elf:3    | Identified the +0 quarterstaff of the Lachrymose God
                  | {protect, rN+ Will- Int+5 SInv}
 51473 | Elf:3    | Identified the +2 pair of gloves of Jigsaw {Str+2}
 51853 | Crypt:1  | Entered Level 1 of the Crypt
 51885 | Crypt:1  | Found a transporter.
 51924 | Crypt:1  | Reached skill level 10 in Armour
 51974 | Crypt:1  | Reached skill level 15 in Shields
 51974 | Crypt:1  | Reached XP level 25. HP: 193/193 MP: 0/0
 51974 | Crypt:1  | Learned a level 8 spell: Discord
 52205 | Crypt:1  | Noticed Mennas
 52213 | Crypt:1  | Killed Mennas
 52947 | Crypt:1  | Found a transporter.
 52948 | Crypt:1  | Found a one-way gate to the infinite horrors of the Abyss.
 53081 | Crypt:1  | Identified the ring "Patyth" {Ice Will- Int+4 SInv}
 53081 | Crypt:1  | Noticed Josephina
 53087 | Crypt:1  | Killed Josephina
 53314 | Crypt:1  | Noticed Dome's ghost (veteran DsSu)
 53623 | Crypt:1  | Killed Dome's ghost
 53709 | Abyss:3  | Cast into level 3 of the Abyss (ancient champion)
 53907 | Crypt:1  | Escaped the Abyss
 56164 | Crypt:2  | Noticed an ancient lich
 56178 | Crypt:2  | Killed an ancient lich
 56179 | Crypt:2  | Reached XP level 26. HP: 163/200 MP: 0/0
 56647 | Crypt:3  | Entered Level 3 of the Crypt
 56895 | Crypt:3  | Found a staircase to the Tomb.
 58280 | Crypt:3  | Found a basalt altar of Yredelemnul.
 58542 | Crypt:3  | Identified the +6 whip of Dishonesty {heavy, *Slow rN+
                  | rCorr}
 59050 | Vaults:5 | Entered Level 5 of the Vaults
 60976 | Vaults:5 | Noticed a dread lich
 61138 | Vaults:4 | Killed a dread lich
 61806 | Vaults:5 | Reached XP level 27. HP: 128/205 MP: 0/0
 61806 | Vaults:5 | Learned a level 9 spell: Fire Storm
 61894 | Vaults:5 | Identified the +3 rapier of Soshaxoa {distort, rPois Will++
                  | Str-4 Dex+3}
 61953 | Vaults:5 | Noticed Sojobo
 62314 | Vaults:5 | Paralysed by an air elemental for 1 turns
 62329 | Vaults:5 | Noticed an ancient lich
 62329 | Vaults:5 | Identified the amulet of Knowledge {Faith rElec Will+
                  | Int+3}
 62350 | Vaults:4 | HP: 7/196 [constriction (2)]
 62351 | Vaults:4 | Slain by a tentacled monstrosity

Illustrated notes

Levels and vault maps discovered:
D:1:      eino_arrival_druids_welcome, layout_loops_ring
D:2:      layout_rooms
D:3:      gammafunk_steamed_eel, layout_basic, serial_shops, nicolae_shop_trees,
          shop, shop, serial_bayou_lagoon_a, uniq_grinder
D:4:      layout_basic, nicolae_overflow_hallway_of_the_gods,
          minmay_temple_entry_crystal_x
D:5:      layout_loops_ring, nicolae_qazlal_beasts_of_the_sky,
          gup_sewer_entry_pipe, minmay_hollow_rounded_squares
D:6:      layout_basic, nicolae_shop_vocational
D:7:      layout_gridville, mainiacjoe_overflow_concentric_impassable
D:8:      layout_basic, lair_entry_dummy, grunt_decor_one_mirror,
          nicolae_shop_gadgets, uniq_maggie
D:9:      layout_rooms, gammafunk_ghost_hive, minmay_misc_feat_plants
D:10:     layout_gridville
D:11:     layout_roguey, hiddenorc2_lemuel, serial_park_tiny_pond, uniq_fannar,
          uniq_snorg, uniq_sonja
D:12:     layout_long_grid, kennysheep_generic_room_9
D:13:     layout_basic, gauntlet_entry_generic, uniq_erolcha
D:14:     kennysheep_funnel, layout_irregular_city, david_vaults_5,
          serial_library_hellmonk_big_corner, minmay_misc_feat_square
D:15:     grunt_enter_depths_magical_seal, layout_layer_cave,
          nicolae_trove_entry_crystal, marbit_kobold_abyssish
Temple:   nicolae_temple_ecumenical_triangle
Lair:1:   layout_cellular_growth, st_stairs_5, nicolae_lair_lil_pond,
          serial_bayou_shore_b
Lair:2:   layout_regular_city, guppyfry_snake_entry_island,
          hellmonk_ghost_happy_afterlife, chequers_serial_rivers_room_a,
          grunt_megastairs_1
Lair:3:   gammafunk_indiana_jones, layout_chaotic_city,
          minmay_shoals_entry_lonely_mermaid, serial_forest,
          infiniplex_forest_corner_1, infiniplex_forest_side_room,
          infiniplex_forest_straight_2, infiniplex_forest_straight_2,
          infiniplex_forest_lined_2, infiniplex_forest_zigzag_2,
          serial_bayou_shore_a
Lair:4:   hellmonk_destroyed_diamonds, layout_gridlike,
          nicolae_volcano_entry_batcave
Lair:5:   wormcave, layout_regular_city, guppyfry_lair_end_dragon,
          slime_entry_2, minmay_hedge_maze, minmay_lair_oklob_items
Shoals:1: layout_shoals, serial_shops, shop, nicolae_book_shop_shelving,
          nicolae_square_shop, shop, nicolae_shop_rolling_square
Shoals:2: layout_shoals, gammafunk_ghost_berserking_beasts, uniq_frances
Shoals:3: layout_shoals, uniq_aizul, uniq_polyphemus
Shoals:4: shoals_end_grunt_ice, layout_shoals, nicolae_shoals_square_sea_wall,
          nicolae_shoals_stone_sculpture_thing,
          nicolae_shoals_lost_giant_pillars, uniq_donald
Snake:1:  layout_chambers, st_stairs_13, hangedman_feature_mirror,
          hangedman_snake_thin_pillar_pass
Snake:2:  layout_honeycomb, serial_shops, nicolae_shop_rolling_square,
          minmay_shop_star, grunt_megastairs_5, lemuel_fruit_tree, uniq_azrael,
          uniq_roxanne
Snake:3:  layout_onion
Snake:4:  snake_pit_salamanders_mu, layout_cave_town,
          nicolae_snake_gridmaze_entwining, nicolae_snake_bzzzt
Orc:1:    layout_diamond_mine, guppyfry_library_mini
Orc:2:    st_orc_elflike, layout_caves, portal_ice_cave_entry_ice_simulacra
Elf:1:    minmay_elf_arrival_summoners, layout_onion_city,
          hangedman_corner_corridor
Elf:2:    elven_hall_of_blades_hangedman_original
          [nicolae_vaults_blade_armed_guards], layout_loops_corners, uniq_norris
Elf:3:    minmay_elf_hall_furrowed, layout_geoelf_grid, minmay_shoptagon
Vaults:1: nicolae_vaults_wrenched, nicolae_vaults_triangles,
          dpeg_vaults_monster_row, nicolae_vaults_what_the_h,
          nicolae_vaults_storage_closets_1, v_pattern_2,
          ontoclasm_vaults_shuriken, grunt_vaults_hallway_short,
          nicolae_vaults_little_guard_posts, nicolae_vaults_diamond_1,
          layout_vaults_omnicross
Vaults:2: v_misc_19, v_misc_2, grunt_vaults_trifunnel,
          minmay_crypt_entry_simple_box, v_alt_pattern_6, v_misc_10,
          nicolae_vaults_trapezoid_lopsided_2, hangedman_vaults_locks,
          vaults_mumra_hexcomb, nicolae_vaults_house_3, vaults_room_door_ring,
          layout_vaults_ring
Vaults:3: v_misc_27, nicolae_vaults_variable_pillar_hall,
          nicolae_vaults_little_squares_4, nicolae_vaults_apartment_2,
          v_misc_30, nicolae_vaults_closet_pinwheel_2,
          serial_library_hellmonk_semicircle, v_misc_14,
          nicolae_vaults_tetromino_L_1, vaults_dpeg_emergency_exit,
          layout_vaults_chaotic_city
Vaults:4: nicolae_vaults_border_crossing, vaults_mumra_chevron,
          nicolae_vaults_little_squares_2, nicolae_vaults_meeting,
          vaults_room_boxed, grunt_vaults_hallway_short, v_misc_16,
          nicolae_vaults_closet_pinwheel_1, layout_vaults_omnigrid
Vaults:5: serial_shops, uniq_sojobo
Crypt:1:  layout_catacombs, basic_altar, gammafunk_ghost_abyssal_escape,
          grunt_megastairs_3, uniq_josephina, uniq_mennas
Crypt:2:  layout_chaotic_city, lemuel_upstairs_altar
Crypt:3:  church_of_pain_bobbens, layout_chaotic_city, tomb_entry_shell_bobbens

Skill      XL: |  1  2  3  4  5  6  7  8  9 10 11 12 13 14 15 16 17 18 19 20 21 22 23 24 25 26 |
---------------+-------------------------------------------------------------------------------+-----
Spellcasting   | 3 4 5 6 7 8 10 11 12 13 14 15 16 17 18 19 20 21 22 24 | 24.3
Conjurations   | 3 4 5 6 7 8 10 11 12 13 14 15 16 17 18 19 20 21 22 24 | 24.3
Hexes          | 3 4 5 6 7 8 10 11 12 13 14 15 16 17 18 19 20 21 22 24 | 24.3
Summonings     | 3 4 5 6 7 8 10 11 12 13 14 15 16 17 18 19 20 21 22 24 | 24.3
Necromancy     | 3 4 5 6 7 8 10 11 12 13 14 15 16 17 18 19 20 21 22 24 | 24.3
Translocations | 3 4 5 6 7 8 10 11 12 13 14 15 16 17 18 19 20 21 22 24 | 24.3
Fire Magic     | 3 4 5 6 7 8 10 11 12 13 14 15 16 17 18 19 20 21 22 24 | 24.3
Ice Magic      | 3 4 5 6 7 8 10 11 12 13 14 15 16 17 18 19 20 21 22 24 | 24.3
Air Magic      | 3 4 5 6 7 8 10 11 12 13 14 15 16 17 18 19 20 21 22 24 | 24.3
Earth Magic    | 3 4 5 6 7 8 10 11 12 13 14 15 16 17 18 19 20 21 22 24 | 24.3
Alchemy        | 3 4 5 6 7 8 10 11 12 13 14 15 16 17 18 19 20 21 22 24 | 24.3
Fighting       | 1 2 4 5 7 9 10 12 14 15 17 18 20 | 20.0
Armour         | 4 5 6 8 10 | 10.0
Dodging        | 3 8 12 14 16 18 19 | 19.8
Shields        | 5 7 10 12 13 15 | 15.5
Short Blades   | |  0.8
Stealth        | |  2.4

Action                     |  1- 3 |  4- 6 |  7- 9 | 10-12 | 13-15 | 16-18 | 19-21 | 22-24 | 25-27 || total
---------------------------+-------+-------+-------+-------+-------+-------+-------+-------+-------++-------
  Melee: Dagger            |   152 |   140 |   402 |       |       |       |       |       |       ||   694
         Punch             |     2 |     1 |     1 |     2 |       |       |       |       |       ||     6
         Lance             |       |       |       |   127 |    27 |    32 |     4 |    18 |    46 ||   254
         Spear             |       |       |       |    44 |       |       |       |       |       ||    44
         Long sword        |       |       |       |     6 |       |       |       |       |       ||     6
   Cast: Ensorcelled Hiber |     9 |     7 |    54 |    32 |     7 |     1 |       |       |       ||   110
         Kiss of Death     |     1 |       |     5 |       |       |       |       |       |       ||     6
         Tukima's Dance    |       |     5 |     9 |     6 |       |       |       |       |       ||    20
         Static Discharge  |       |     1 |    32 |    71 |    26 |     8 |     4 |       |       ||   142
         Confusing Touch   |       |       |     1 |       |       |       |       |       |       ||     1
         Dazzling Flash    |       |       |     1 |       |       |       |       |       |       ||     1
         Hailstorm         |       |       |    18 |    21 |    21 |    21 |     6 |       |       ||    87
         Gell's Gravitas   |       |       |       |     3 |       |       |       |       |       ||     3
         Fireball          |       |       |       |    92 |   367 |   311 |   593 |   433 |   260 ||  2056
         Borgnjor's Vile C |       |       |       |       |   135 |   128 |   172 |    52 |    92 ||   579
         Eringya's Noxious |       |       |       |       |     2 |     2 |       |       |       ||     4
         Dispersal         |       |       |       |       |       |     2 |     7 |       |    20 ||    29
         Orb of Destructio |       |       |       |       |       |       |    96 |       |       ||    96
         Malign Gateway    |       |       |       |       |       |       |     8 |    11 |    24 ||    43
         Summon Hydra      |       |       |       |       |       |       |       |    76 |   106 ||   182
         Discord           |       |       |       |       |       |       |       |       |     7 ||     7
  Evoke: Wand              |       |       |       |     3 |     1 |       |       |       |       ||     4
    Use: Scroll            |     1 |     2 |    12 |     8 |     9 |     3 |     8 |       |    15 ||    58
         Potion            |       |     4 |     1 |     2 |     5 |     4 |     5 |     1 |    12 ||    34
   Stab: Sleeping          |     8 |     3 |    34 |    14 |     2 |       |       |       |       ||    61
         Invisible         |       |     2 |       |       |       |       |       |       |       ||     2
         Confused          |       |       |     2 |       |       |       |       |       |       ||     2
         Distracted        |       |       |     2 |       |       |       |       |       |     1 ||     3
         Paralysed         |       |       |       |       |       |       |       |       |     1 ||     1
 Armour: Robe              |    79 |    42 |   189 |     2 |       |       |       |       |       ||   312
         Scale mail        |       |       |       |   295 |   240 |   192 |   406 |   145 |   312 ||  1590
  Dodge: Dodged            |    96 |    91 |   282 |   156 |   102 |    48 |   179 |    59 |   112 ||  1125
  Block: Other             |       |    24 |    75 |    56 |    35 |    26 |    66 |    14 |       ||   296
         Reflection        |       |     1 |     1 |     7 |       |     9 |    16 |    22 |    33 ||    89
         Kite shield       |       |       |       |       |       |       |       |    80 |   307 ||   387

Table legend: (Time is in decaauts)
 A = Elapsed time spent in this place.
 B = Non-inter-level travel time spent in this place.
 C = Inter-level travel time spent in this place.
 D = Time resting spent in this place.
 E = Time spent auto-exploring this place.
 F = Levels seen in this place.
 G = Mean time per level.
                   A        B        C        D        E       F      G
               +--------+--------+--------+--------+--------+-----+--------+
         Total |  62511 |  57463 |   5048 |   8761 |  37000 |  48 | 1302.3 |
       Dungeon |  18201 |  15598 |   2603 |   1739 |  10278 |  15 | 1213.4 |
        Temple |     17 |     12 |      5 |      0 |      0 |   1 |   17.0 |
          Lair |   6490 |   5824 |    666 |    255 |   4554 |   5 | 1298.0 |
        Shoals |   6104 |   5776 |    328 |    847 |   3907 |   4 | 1526.0 |
     Snake Pit |   6251 |   5910 |    341 |    374 |   4377 |   4 | 1562.8 |
  Orcish Mines |   2080 |   1893 |    187 |    167 |   1393 |   2 | 1040.0 |
   Elven Halls |   3790 |   3655 |    135 |    200 |   2636 |   3 | 1263.3 |
        Vaults |  10487 |  10115 |    372 |   2362 |   6193 |   5 | 2097.4 |
         Crypt |   6917 |   6509 |    408 |   2356 |   2744 |   3 | 2305.7 |
         Abyss |    198 |    198 |      0 |      0 |     75 |   1 |  198.0 |
         Trove |     46 |     46 |      0 |      0 |      5 |   1 |   46.0 |
         Sewer |    370 |    370 |      0 |      0 |    247 |   1 |  370.0 |
      Ice Cave |    688 |    688 |      0 |    241 |    332 |   1 |  688.0 |
       Volcano |    237 |    237 |      0 |      0 |    127 |   1 |  237.0 |
      Gauntlet |    628 |    628 |      0 |    220 |    131 |   1 |  628.0 |
               +--------+--------+--------+--------+--------+-----+--------+

Top non-repeatable levels by time:
Vaults:4: 4145 daAuts
 Crypt:1: 3977 daAuts
Vaults:1: 2553 daAuts
 Snake:4: 2375 daAuts
 Crypt:3: 1939 daAuts
  Lair:5: 1888 daAuts
Shoals:2: 1843 daAuts
Shoals:3: 1843 daAuts
     D:8: 1773 daAuts
Vaults:3: 1714 daAuts
     D:5: 1713 daAuts
    D:15: 1665 daAuts
 Snake:2: 1645 daAuts
Shoals:4: 1484 daAuts
  Lair:3: 1387 daAuts
